 Dungeon Crawl Stone Soup version 0.18-a0-867-gfd1cc8f (webtiles) character file.

71436 Raultor the Black Belt (level 14, -10/129 HPs)
             Began as a Pale Draconian Monk on Dec 21, 2015.
             Was an Elder of Ashenzari.
             Splashed by an acid blob's acid (15 damage)
             ... on level 7 of the Lair of Beasts.
             The game lasted 01:35:14 (28006 turns).

Raultor the Black Belt (Pale Draconian Monk)       Turns: 28006, Time: 01:35:14

Health: -10/129    AC:  0    Str: 21    XL:     14   Next: 97%
Magic:  20/20      EV: 20    Int: 11    God:    Ashenzari [****..]
Gold:   1274       SH:  9    Dex: 17    Spells: 1 memorised, 6 levels left

rFire  . . .     SeeInvis +       - Unarmed
rCold  . . .     Gourm    .     (armour unavailable)
rNeg   . . .     Faith    .     G - +3 buckler (curse)
rPois  +         Spirit   .     (helmet restricted)
rElec  .         Dismiss  +     g - +2 cloak {MR+} (curse)
rCorr  .         Reflect  .     (no gloves)
SustAt .         Harm     .     C - +0 pair of boots (curse)
MR     ++...     Clarity  +     k - amulet of dismissal
Stlth  ++........               A - ring of poison resistance {rPois, !d}
                                l - +4 ring of strength

@: corroded equipment, very resistant to hostile enchantments, unstealthy
A: breathe steam, unfitting armour, strong 1, cold-blooded, AC +8
a: Breathe Steam, Scrying, Renounce Religion


You were on level 7 of the Lair of Beasts.
You worshipped Ashenzari.
Ashenzari was greatly pleased with you.
You were not hungry.

You visited 3 branches of the dungeon, and saw 20 of its levels.
You also visited: Ossuary and Volcano.

You collected 1274 gold pieces.

Inventory:

Missiles
 q - 3 throwing nets (quivered) {=f, !d}
Armour
 g - a cursed +2 cloak of magic resistance (worn)
   (You took it off Maurice on level 8 of the Dungeon)
 C - a cursed +0 pair of boots (worn)
   (You found it on level 6 of the Dungeon)
 G - a cursed +3 buckler (worn)
   (You found it on level 9 of the Dungeon)
Jewellery
 k - an amulet of dismissal (around neck)
   (You found it on level 2 of the Dungeon)
 l - a +4 ring of strength (left hand)
   (You found it on level 3 of the Lair of Beasts)
 A - a ring of poison resistance (right hand) {rPois, !d}
   (You found it on level 11 of the Dungeon)
 W - an uncursed ring of flight {+Fly, !d}
   (You found it on level 1 of the Lair of Beasts)
Wands
 e - a wand of paralysis (7/24)
   (You found it on level 9 of the Dungeon)
 u - a wand of teleportation (4/9)
   (You found it on level 4 of the Lair of Beasts)
 v - a wand of fireball (11/15)
   (You found it on level 4 of the Dungeon)
 x - a wand of confusion (20/48)
   (You found it on level 4 of the Dungeon)
 z - a wand of teleportation (3/9)
   (You found it on level 6 of the Lair of Beasts)
 I - a wand of lightning (6/15)
   (You found it on level 8 of the Dungeon)
 K - a wand of paralysis (15/24)
   (You found it on level 5 of the Lair of Beasts)
 L - a wand of draining (7/15)
   (You found it on level 3 of the Lair of Beasts)
Scrolls
 b - 7 scrolls of teleportation
 o - 6 scrolls of amnesia
 p - 5 scrolls of enchant armour
 t - 2 scrolls of identify
 w - a scroll of fog
 y - a scroll of magic mapping {unknown}
 Q - a scroll of fear
 S - 2 scrolls of immolation {!r}
 V - a scroll of recharging
Potions
 d - 2 potions of heal wounds
 f - 5 potions of cancellation
 h - 6 potions of brilliance
 j - 2 potions of might
 m - 2 potions of flight
 n - 2 potions of magic
 M - a potion of cure mutation {!q}
 R - 5 potions of curing
Books
 J - a Grand Grimoire
   (You found it on level 2 of the Lair of Beasts)
 T - a book of Fire
   (You found it on level 10 of the Dungeon)
 X - a book of Debilitation
   (You found it on level 1 of the Lair of Beasts)
 Y - a book of Summonings
   (You found it on level 1 of the Lair of Beasts)
Miscellaneous
 F - a plain deck of defence {drawn: 1}
   (You found it on level 1 of the Dungeon)
 O - a plain deck of wonders
   (You found it on level 9 of the Dungeon)
Comestibles
 a - 3 bread rations {@e1}
 c - 4 slices of pizza
 i - 21 fruits
 r - 4 meat rations {@e2}
 Z - a beef jerky


   Skills:
 + Level 13.1 Fighting
 + Level 11.3 Dodging
 - Level 1.7 Stealth
 - Level 4.0(6.2) Shields
 - Level 15.7 Unarmed Combat
 + Level 6.4 Charms
 + Level 8.3 Fire Magic
 - Level 9.1 Evocations


You had 6 spell levels left.
You knew the following spells:

 Your Spells              Type           Power        Failure   Level  Hunger
a - Ring of Flames        Chrm/Fire      ###.......   100%        7    #######


Dungeon Overview and Level Annotations

Branches:
Dungeon (11/15)            Temple (1/1) D:4            Lair (8/8) D:11
  Swamp (0/4) Lair:5        Snake (0/4) Lair:3        Slime (0/6) Lair:7
    Orc (0/2) D:9

Altars:
Ashenzari
Cheibriados
Dithmenos
Elyvilon
Fedhas
Gozag
Kikubaaqudgha
Makhleb
Nemelex Xobeh
Okawaru
Pakellas
Qazlal
Ru
Sif Muna
Trog
Vehumet
Xom
Yredelemnul
Zin
The Shining One

Shops:
D:5 [

Annotations:
D:10 Maud
Lair:4 exclusion: 2 hydras
Lair:6 exclusion: hydra


Innate Abilities, Weirdness & Mutations

You can breathe blasts of scalding, opaque steam.
Your pale cyan-grey scales are hard (AC +8).
Your body does not fit into most forms of armour.
You are cold-blooded and may be slowed by cold attacks.
Your muscles are strong. (Str +2)


Message History

You hit the death yak. You block the death yak's attack.
You barely miss the death yak. The death yak gores you!
You take 7 damage, and have 102/129 hp.
You hit the death yak. You hit the death yak but do no damage.
You tail-slap the death yak, but do no damage.
The death yak misses you.
You hit the death yak. The death yak gores you!
You take 7 damage, and have 95/129 hp.
You punch the death yak!
You kill the death yak!
You see here a death yak corpse.
There is a stone staircase leading down, spattered with blood here.
You start resting.
A river rat comes into view.
You regained 18 hp, and now have 115/129 hp.
The river rat moves out of view.
You strike the helpless river rat from a blind spot!
You punch the river rat!
You kill the river rat!
There is a stone staircase leading down, spattered with blood here.
You climb downwards.
There is a stone staircase leading up, spattered with blood here.
The fire crab barely misses you. x2
You see here a yak corpse.
You punch the fire crab! You block the fire crab's attack.
The fire crab closely misses you.
You punch the fire crab!
You tail-slap the fire crab, but do no damage.
The fire crab breathes flames at you. The blast of flame engulfs you!
You hit the fire crab but do no damage.
You are engulfed in roaring flames.
You take 13 damage, and have 106/129 hp.
You punch the fire crab!
You are engulfed in roaring flames.
You block the fire crab's attack. The fire crab claws you.
You are engulfed in flames!
You take 30 damage, and have 76/129 hp.
MASSIVE DAMAGE!!
You punch the fire crab! You tail-slap the fire crab.
You kill the fire crab!
You are engulfed in roaring flames.
You take 5 damage, and have 71/129 hp.
You are engulfed in roaring flames.
There is a stone staircase leading up, spattered with blood here.
You take 17 damage, and have 54/129 hp.
You closely miss the yak. You block the yak's attack.
You hit the yak. The yak barely misses you.
You barely miss the yak. You tail-slap the yak. You punch the yak!
You block the yak's attack.
You closely miss the yak. The yak closely misses you.
You barely miss the yak.
You tail-slap the yak, but do no damage.
You punch the yak! The yak closely misses you.
You pummel the yak!! The yak completely misses you.
You hit the yak.
You kill the yak!
There is a stone staircase leading up, spattered with blood here.
You see here a yak corpse.
You butcher the yak corpse.
Things that are here:
6 chunks of flesh {@w0}; a yak skeleton
There is a stone staircase leading up, spattered with blood here.
Things that are here:
6 chunks of flesh {@w0}; a yak skeleton
s - 8 chunks of flesh {@w0} (gained 6)
The death yak bellows!
There is a stone staircase leading up, spattered with blood here.
You climb upwards.
There is a stone staircase leading down, spattered with blood here.
You start resting.
Some of the chunks of flesh in your inventory have rotted away.
You sense a monster nearby.
You regained 11 hp, and now have 70/129 hp.
All of the chunks of flesh in your inventory have rotted away.
An acid blob comes into view.
You see here a death yak corpse.
You butcher the death yak corpse.
The acid blob quivers.
The acid blob spits acid at you. You block the splash of acid.
The acid corrodes you!
You see here 4 inedible chunks of flesh {@w0}.
The acid blob spits acid at you. The splash of acid hits you!
The acid burns!
You take 18 damage, and have 52/129 hp.
The acid blob spits acid at you. The splash of acid hits you!
The acid corrodes you!
The acid burns!
There is a stone staircase leading down, spattered with blood here.
You take 11 damage, and have 41/129 hp.
The acid blob spits acid at you. The splash of acid hits you!
* * * LOW HITPOINT WARNING * * *
The acid corrodes you!
The acid burns!
* * * LOW HITPOINT WARNING * * *
You take 26 damage, and have 15/129 hp.
MASSIVE DAMAGE!!
The acid blob spits acid at you. The splash of acid hits you!
* * * LOW HITPOINT WARNING * * *
The acid corrodes you!
The acid burns!
You die...

#.#####.#.#...#.#.##..#........P.
##......##......#......###.....#P
###...##.#J#+###+##..#######.###.
.##...#...#....#.........###...P.
......#........#.................
.........#⌠.>.⌠..................
.........#...%...................
.........#..⌠.##@................
#....#.#...#####.................
###.####....#.#.#.#.......<......
# #.# #....#.................P..
###'####...................#..PPP
.....##....................#.#PPP
......##.....#.................P.
.#..#.#......#.............P.....


You could see an acid blob.

Vanquished Creatures
  Rupert (Lair:7)
  Kirke (Lair:5)
  Erolcha (D:10)
  4 catoblepae
  3 hydras
  The ghost of M4edhros the Covert, a journeyman OpAr of Fedhas (D:11)
  A queen ant (Lair:1)
  9 death yaks
  Urug (Lair:3)
  2 fire crabs (Lair:8)
  2 griffons
  2 manticores (Lair:6)
  A deep elf mage (D:11)
  A cyclops (D:11)
  7 elephants
  17 spiny frogs
  Maurice (D:8)
  Joseph (D:10)
  2 torpor snails
  6 komodo dragons
  17 black mambas
  7 fire drakes
  5 two-headed ogres (Volcano)
  4 polar bears
  10 blink frogs
  A trapdoor spider zombie (D:11)
  A boulder beetle (Lair:4)
  A slime creature (Lair:7)
  A hungry ghost (D:11)
  5 hogs (Lair:5)
  6 basilisks
  Grum (D:10)
  6 wyverns
  56 yaks
  22 hippogriffs
  6 wolves
  37 water moccasins
  19 soldier ants (Lair:1)
  A hell hound (Lair:6)
  8 porcupines
  4 orc warriors
  2 black bears
  5 phantoms
  4 ice beasts
  2 sky beasts
  A centaur (Lair:1)
  4 ogres
  23 crocodiles
  5 big kobolds (D:8)
  17 giant frogs
  6 scorpions
  5 killer bees
  2 electric eels (Lair:8)
  5 crimson imps
  8 hounds
  4 giant frog skeletons
  2 quasits
  Crazy Yiuf (D:3)
  A human zombie (Ossuary)
  8 orc priests
  6 jellies
  5 centaur zombies
  A giant frog zombie (D:7)
  11 iguanas
  28 worker ants
  A gnoll shaman (D:7)
  10 orc wizards
  11 sheep
  A hell rat (D:5)
  A killer bee zombie (D:7)
  A hound skeleton (D:4)
  12 gnolls
  2 mummies (Ossuary)
  A worker ant zombie (D:5)
  10 adders
  135 river rats
  An ooze (D:5)
  2 adder skeletons
  3 adder zombies
  3 worms
  7 giant geckos
  42 orcs
  5 bats
  4 giant cockroaches
  5 goblins
  5 hobgoblins
  11 jackals
  5 quokkas
  8 ball pythons
  4 giant newts
  A goblin zombie (Ossuary)
  11 hobgoblin zombies (Ossuary)
  A jackal skeleton (D:5)
  11 kobolds
  9 kobold zombies (Ossuary)
  9 orc zombies (Ossuary)
  A quokka zombie (D:8)
  28 rats
  3 fungi
802 creatures vanquished.

Vanquished Creatures (others)
  A human (Lair:5)
  54 fungi
  47 plants
102 creatures vanquished.

Grand Total: 904 creatures vanquished

Notes
Turn   | Place    | Note
--------------------------------------------------------------
     0 | D:1      | Raultor the Draconian Monk began the quest for the Orb.
     0 | D:1      | Reached XP level 1. HP: 19/19 MP: 1/1
   367 | D:1      | Reached XP level 2. HP: 24/26 MP: 2/2
   381 | D:1      | Found a sparkling altar of Nemelex Xobeh.
   839 | D:2      | Reached XP level 3. HP: 18/33 MP: 3/3
  1132 | D:2      | Found a glowing silver altar of Zin.
  1176 | D:2      | Found an ancient bone altar of Kikubaaqudgha.
  1482 | D:2      | Reached skill level 3 in Dodging
  1519 | D:2      | Reached skill level 4 in Fighting
  1520 | D:2      | Found a white marble altar of Elyvilon.
  1636 | D:2      | Reached XP level 4. HP: 37/40 MP: 4/4
  1645 | D:2      | Reached skill level 5 in Unarmed Combat
  2190 | D:3      | Reached XP level 5. HP: 35/47 MP: 5/5
  2609 | D:3      | Noticed Crazy Yiuf
  2621 | D:3      | Killed Crazy Yiuf
  3468 | D:4      | Reached XP level 6. HP: 23/55 MP: 6/6
  3659 | D:4      | Reached skill level 6 in Unarmed Combat
  3678 | D:4      | Reached skill level 5 in Fighting
  3678 | D:4      | Reached skill level 1 in Evocations
  4592 | D:4      | Found a staircase to the Ecumenical Temple.
  4600 | Temple   | Entered the Ecumenical Temple
  4763 | D:4      | Reached skill level 4 in Dodging
  4763 | D:4      | Your scales start taking on a pale cyan-grey colour.
  4763 | D:4      | Reached XP level 7. HP: 43/61 MP: 8/8
  4764 | D:4      | Reached skill level 2 in Evocations
  4900 | D:4      | Reached skill level 7 in Unarmed Combat
  4962 | D:5      | Entered Level 5 of the Dungeon
  5587 | D:5      | Found Ziuva's Armour Shoppe.
  5685 | D:5      | Reached skill level 3 in Evocations
  6034 | D:6      | Reached XP level 8. HP: 66/70 MP: 10/10
  6242 | D:6      | Found a sand-covered staircase.
  6249 | Ossuary  | Entered an ossuary
  6374 | Ossuary  | Reached skill level 6 in Fighting
  6400 | Ossuary  | Reached skill level 5 in Dodging
  6401 | Ossuary  | HP: 15/70 [orc zombie (3)]
  6780 | D:6      | Reached skill level 8 in Unarmed Combat
  6792 | D:6      | Reached skill level 4 in Evocations
  7434 | D:6      | Found a radiant altar of Vehumet.
  7441 | D:6      | Found a sacrificial altar of Ru.
  7446 | D:6      | Found a bloodstained altar of Trog.
  7457 | D:6      | Found a stormy altar of Qazlal.
  7464 | D:6      | Found a shattered altar of Ashenzari.
  7469 | D:6      | Found a shimmering altar of Xom.
  7476 | D:6      | Found a shadowy altar of Dithmenos.
  7497 | D:6      | Became a worshipper of Ashenzari the Shackled
  7497 | D:6      | Reached * piety under Ashenzari
  7497 | D:6      | Reached ** piety under Ashenzari
  7703 | D:7      | Reached XP level 9. HP: 64/78 MP: 12/12
  7917 | D:7      | Found a deep blue altar of Sif Muna.
  8054 | D:7      | Reached skill level 7 in Fighting
  8103 | D:7      | Reached skill level 9 in Unarmed Combat
  8103 | D:7      | Reached skill level 5 in Evocations
  8379 | D:7      | Reached skill level 6 in Dodging
  8644 | D:8      | Noticed Maurice
  8688 | D:8      | Found a snail-covered altar of Cheibriados.
  8964 | D:8      | Killed Maurice
  9073 | D:8      | Reached skill level 10 in Unarmed Combat
  9178 | D:8      | Reached skill level 6 in Evocations
  9310 | D:8      | Found a blossoming altar of Fedhas.
  9464 | D:8      | Reached XP level 10. HP: 78/88 MP: 14/14
  9470 | D:8      | Reached skill level 8 in Fighting
  9538 | D:9      | Found a staircase to the Orcish Mines.
  9880 | D:9      | Reached skill level 7 in Dodging
  9898 | D:9      | Reached skill level 1 in Shields
 10588 | D:10     | Entered Level 10 of the Dungeon
 10704 | D:10     | Reached *** piety under Ashenzari
 10759 | D:10     | Noticed Joseph
 10782 | D:10     | Killed Joseph
 10830 | D:10     | Reached skill level 2 in Shields
 10924 | D:10     | Noticed Grum
 10992 | D:10     | Noticed Erolcha
 11008 | D:10     | Killed Erolcha
 11008 | D:10     | Reached skill level 11 in Unarmed Combat
 11252 | D:10     | Noticed Maud
 11488 | D:10     | Killed Grum
 11519 | D:11     | Gained mutation: Your muscles are strong. (Str +2) [potion of beneficial mutation]
 11586 | D:11     | Noticed a deep elf mage
 11598 | D:11     | Killed a deep elf mage
 11598 | D:11     | Reached skill level 3 in Shields
 11735 | D:11     | Found a staircase to the Lair.
 11735 | D:11     | Noticed M4edhros's ghost (journeyman OpAr)
 11753 | D:11     | Killed M4edhros's ghost
 11753 | D:11     | Reached skill level 7 in Evocations
 11753 | D:11     | Reached XP level 11. HP: 63/95 MP: 16/16
 11846 | D:11     | Reached skill level 9 in Fighting
 12310 | D:11     | Reached skill level 4 in Shields
 12509 | Lair:1   | Entered Level 1 of the Lair of Beasts
 12572 | Lair:1   | Reached skill level 8 in Dodging
 12747 | Lair:1   | HP: 24/97 [blink frog (14)]
 12761 | Lair:1   | HP: 23/97 [crocodile (4)]
 12768 | Lair:1   | Reached skill level 12 in Unarmed Combat
 13192 | Lair:1   | HP: 15/97 [spiny frog (18)]
 13197 | Lair:1   | Reached skill level 8 in Evocations
 13491 | Lair:1   | HP: 22/99 [river rat (3)]
 13497 | Lair:1   | HP: 22/99 [poisoned by a water moccasin]
 13502 | Lair:1   | HP: 22/99 [poisoned by a water moccasin]
 13753 | Lair:1   | Noticed a queen ant
 14439 | Lair:1   | Reached skill level 10 in Fighting
 14531 | Lair:1   | Killed a queen ant
 14775 | Lair:1   | Reached XP level 12. HP: 106/106 MP: 18/18
 15535 | Lair:2   | Reached skill level 9 in Dodging
 15588 | Lair:2   | Reached skill level 13 in Unarmed Combat
 15659 | Lair:2   | Reached skill level 9 in Evocations
 15678 | Lair:2   | Got the cursed trident of the Ancient Suns {venom, rPois Int+4 Dex-3}
 16067 | Lair:2   | Learned a level 7 spell: Ring of Flames
 16551 | Lair:3   | Reached skill level 1 in Fire Magic
 16561 | Lair:3   | Reached **** piety under Ashenzari
 16717 | Lair:3   | Reached skill level 11 in Fighting
 16849 | Lair:3   | Noticed Urug
 16932 | Lair:3   | Reached skill level 1 in Charms
 16936 | Lair:3   | Killed Urug
 16936 | Lair:3   | Reached skill level 2 in Fire Magic
 17429 | Lair:3   | Found a staircase to the Snake Pit.
 17581 | Lair:3   | Reached skill level 2 in Charms
 17581 | Lair:3   | Reached skill level 3 in Fire Magic
 18153 | Lair:4   | Noticed an eight-headed hydra
 18441 | Lair:4   | Reached XP level 13. HP: 113/116 MP: 19/19
 18538 | Lair:4   | HP: 14/116 [boulder beetle (30)]
 18649 | Lair:4   | HP: 29/116 [spiny frog (16)]
 19084 | Lair:4   | Reached skill level 14 in Unarmed Combat
 19278 | Lair:4   | Reached skill level 4 in Fire Magic
 20021 | Lair:4   | Reached skill level 3 in Charms
 20187 | Lair:5   | Noticed Kirke
 20280 | Lair:5   | Reached skill level 10 in Dodging
 20289 | Lair:5   | Found a staircase to the Swamp.
 20423 | Lair:5   | Killed Kirke
 20469 | Lair:5   | Reached skill level 5 in Fire Magic
 20795 | Lair:6   | Found a stormy altar of Qazlal.
 20823 | Lair:6   | Found a dark tunnel.
 20832 | Volcano  | Entered a volcano
 20889 | Volcano  | Reached skill level 12 in Fighting
 21765 | Lair:6   | Reached skill level 4 in Charms
 22190 | Lair:6   | Reached skill level 15 in Unarmed Combat
 22284 | Lair:7   | Noticed Rupert
 22321 | Lair:7   | Reached skill level 6 in Fire Magic
 22429 | Lair:7   | Reached XP level 14. HP: 46/126 MP: 20/20
 22709 | Lair:7   | Killed Rupert
 22898 | Lair:7   | Found a staircase to the Slime Pits.
 23366 | Lair:8   | Entered Level 8 of the Lair of Beasts
 23502 | Lair:8   | Reached ***** piety under Ashenzari
 24345 | Lair:7   | Reached skill level 5 in Charms
 24606 | Lair:8   | Reached skill level 7 in Fire Magic
 25427 | Lair:8   | HP: 31/127 [something] (15)]
 26187 | Lair:8   | Reached skill level 11 in Dodging
 26356 | Lair:7   | HP: 27/127 [spiny frog (22)]
 26361 | Lair:7   | HP: 22/127 [poisoned by a spiny frog]
 26366 | Lair:7   | HP: 20/127 [poisoned by a spiny frog]
 26371 | Lair:7   | HP: 19/127 [poisoned by a spiny frog]
 26376 | Lair:7   | HP: 17/127 [poisoned by a spiny frog]
 26381 | Lair:7   | HP: 17/127 [poisoned by a spiny frog]
 26388 | Lair:7   | HP: 17/127 [poisoned by a spiny frog]
 26396 | Lair:7   | HP: 18/127 [poisoned by a spiny frog]
 26908 | Lair:8   | Reached skill level 6 in Charms
 26924 | Lair:8   | Reached skill level 8 in Fire Magic
 26938 | Lair:8   | Reached skill level 13 in Fighting
 27444 | Lair:8   | HP: 24/129 [death yak (24)]
 28000 | Lair:7   | Noticed an acid blob
 28003 | Lair:7   | HP: 15/129 [acid (18)]
 28006 | Lair:7   | HP: 5/129 [acid blob/splash of acid (11)]
 28006 | Lair:7   | Splashed by an acid blob's acid

Vault maps used:
D:1:      dpeg_arrival_water_temple_mockup, nemelex_deck
D:2:      zin_statuary, lemuel_doored_altar, lemuel_round_altar, first_bread
D:3:      minivault_23, uniq_crazy_yiuf_cottage
D:4:      old_forge, temple_doors_a
D:5:      lemuel_ratsnest, serial_shops, shop
D:6:      grunt_temple_overflow_octagram, nicolae_ossuary_entry_monument
D:7:      led_sif_pool
D:8:      fedhas_altar_fruit_tree, cheibriados_altar_1, special_room,
          uniq_maurice
D:9:      orc_0_dummy
D:10:     hangedman_incinerator, uniq_joseph, uniq_erolcha, uniq_maud, uniq_grum
D:11:     lair_0_dummy
Temple:   nicolae_temple_great_sept
Lair:1:   minivault_29
Lair:3:   minmay_snake_entry_six_corridors, minivault_11, grunt_megastairs_3,
          uniq_urug
Lair:4:   grunt_megastairs_2, infiniplex_staircase_pool_2
Lair:5:   swamp_mist, uniq_kirke
Lair:6:   lightli_volcano_entry_magma_tube, special_room, basic_altar,
          cheibrodos_lair_reptile_den
Lair:7:   minmay_slime_entry_pillars, grunt_megastairs_1, uniq_rupert
Lair:8:   evilmike_catoblepas_cave, disabler_island, grunt_megastairs_4
Ossuary:  ossuary_tomb_1
Volcano:  volcano_caves

Action                   |  1- 3 |  4- 6 |  7- 9 | 10-12 | 13-15 || total
-------------------------+-------+-------+-------+-------+-------++-------
Melee: Unarmed           |    68 |   271 |   619 |  1283 |  1270 ||  3511
 Abil: Breathe Steam     |       |       |    19 |    30 |    32 ||    81
Evoke: Wand              |       |       |     1 |     2 |     3 ||     6
       Deck              |       |       |       |       |     1 ||     1
  Use: Potion            |       |       |     1 |     5 |     4 ||    10
       Scroll            |       |       |     4 |    14 |    20 ||    38
 Stab: Sleeping          |     5 |     2 |     7 |     8 |    12 ||    34
       Distracted        |       |       |     1 |     2 |     5 ||     8
       Paralysed         |       |       |       |     3 |    10 ||    13
       Petrifying        |       |       |       |       |     1 ||     1
  Eat: Chunk             |     2 |     9 |    12 |    29 |    26 ||    78
       Meat ration       |       |       |     1 |       |     1 ||     2
       Fruit             |       |       |     2 |       |       ||     2
       Bread ration      |       |       |       |     2 |       ||     2
       Beef jerky        |       |       |       |       |     2 ||     2
       Pizza             |       |       |       |       |     1 ||     1

Vault maps used:
D:1:      dpeg_arrival_water_temple_mockup, nemelex_deck
D:2:      zin_statuary, lemuel_doored_altar, lemuel_round_altar, first_bread
D:3:      minivault_23, uniq_crazy_yiuf_cottage
D:4:      old_forge, temple_doors_a
D:5:      lemuel_ratsnest, serial_shops, shop
D:6:      grunt_temple_overflow_octagram, nicolae_ossuary_entry_monument
D:7:      led_sif_pool
D:8:      fedhas_altar_fruit_tree, cheibriados_altar_1, special_room,
          uniq_maurice
D:9:      orc_0_dummy
D:10:     hangedman_incinerator, uniq_joseph, uniq_erolcha, uniq_maud, uniq_grum
D:11:     lair_0_dummy
Temple:   nicolae_temple_great_sept
Lair:1:   minivault_29
Lair:3:   minmay_snake_entry_six_corridors, minivault_11, grunt_megastairs_3,
          uniq_urug
Lair:4:   grunt_megastairs_2, infiniplex_staircase_pool_2
Lair:5:   swamp_mist, uniq_kirke
Lair:6:   lightli_volcano_entry_magma_tube, special_room, basic_altar,
          cheibrodos_lair_reptile_den
Lair:7:   minmay_slime_entry_pillars, grunt_megastairs_1, uniq_rupert
Lair:8:   evilmike_catoblepas_cave, disabler_island, grunt_megastairs_4
Ossuary:  ossuary_tomb_1
Volcano:  volcano_caves

Table legend:
 A = Turns spent in this place as a percentage of turns spent in the entire game.
 B = Non-inter-level travel turns spent in this place as a percentage of non-inter-level travel turns spent in the entire game.
 C = Inter-level travel turns spent in this place as a percentage of turns spent in this place.
 D = Turns resting spent in this place as a percentage of non-inter-level travel turns spent in this place.
 E = Turns spent auto-exploring this place as a percentage of non-inter-level travel turns spent in this place.
 F = Non-inter-level travel turns spent in this place divided by the number of levels of this place that you've seen.
                   A       B       C       D       E      F
               +-------+-------+-------+-------+-------+----------------------
         Total | 100.0 | 100.0 |   0.3 |   2.9 |   6.9 | 406.9
       Dungeon |  34.4 |  34.3 |   0.5 |   2.2 |  10.9 | 279.0
        Temple |   0.1 |   0.1 |  10.0 |   0.0 |  88.9 |   9.0
          Lair |  62.6 |  62.7 |   0.2 |   3.3 |   4.6 | 701.2
       Ossuary |   2.1 |   2.1 |   0.0 |   3.2 |   4.8 | 189.0
       Volcano |   0.8 |   0.8 |   0.0 |   0.0 |  10.8 |  74.0
               +-------+-------+-------+-------+-------+----------------------

Table legend:
 A = Kills in this place as a percentage of kills in entire the game.
 B = Kills by you in this place as a percentage of kills by you in the entire game.
 C = Kills by friends in this place as a percentage of kills by friends in the entire game.
 D = Other kills in this place as a percentage of other kills in the entire game.
 E = Experience gained in this place as a percentage of experience gained in the entire game.
 F = Experience gained in this place divided by the number of levels of this place that you have seen.
                   A       B       C       D       E      F
               +-------+-------+-------+-------+-------+----------------------
         Total | 100.0 | 100.0 |  -nan |  -nan | 100.0 | 4638.7
       Dungeon |  35.5 |  35.5 |  -nan |  -nan |  13.3 | 1234.9
          Lair |  58.8 |  58.8 |  -nan |  -nan |  85.0 | 10837.1
       Ossuary |   4.9 |   4.9 |  -nan |  -nan |   0.3 | 294.0
       Volcano |   0.8 |   0.8 |  -nan |  -nan |   1.4 | 1477.0
               +-------+-------+-------+-------+-------+----------------------
